 Dungeon Crawl Stone Soup version 0.27-a0-3-gcf006a40f5 (webtiles) character file.

Game seed: 2258278614500584024

207 sokol815 the Sneak (level 5, 0/31 HPs)
             Began as an Octopode Enchanter on Jan 1, 2021.
             Killed by divine providence
             ... invoked by an orc priest
              (15 damage)
             ... on level 4 of the Dungeon.
             The game lasted 00:08:47 (5296 turns).

sokol815 the Sneak (Octopode Enchanter)             Turns: 5296, Time: 00:08:48

Health: 0/31       AC:  1    Str:  7    XL:     5   Next: 85%
Magic:  8/8        EV: 11    Int: 17    God:
Gold:   126        SH:  7    Dex: 14    Spells: 4/8 levels left

rFire    . . .     SeeInvis .   a - +3 dagger
rCold    + . .     Faith    .   p - +0 kite shield
rNeg     . . .     Spirit   .   (helmet restricted)
rPois    .         Reflect  .   (no amulet)
rElec    .         Harm     .   m - ring of protection from cold {rC+, !d}
rCorr    .         Rampage  .   (no ring)
Will     .....                  (no ring)
Stlth    ++++......             (no ring)
HPRegen  0.10/turn              (no ring)
MPRegen  0.11/turn              (no ring)
                                (no ring)
                                (no ring)

@: no status effects
A: almost no armour, stealthy swim, amphibious, 8 rings, constrict 8, camouflage
1, gelatinous body 1
a: no special abilities


You were on level 4 of the Dungeon.
You visited 1 branch of the dungeon, and saw 4 of its levels.

You collected 126 gold pieces.

Inventory:

Hand Weapons
 a - a +3 dagger (weapon)
Missiles
 b - 46 sling bullets
 c - 88 stones
Armour
 p - a +0 kite shield (worn)
   (You found it on level 2 of the Dungeon)
Jewellery
 m - a ring of protection from cold (left tentacle) {rC+, !d}
   (You found it on level 2 of the Dungeon)
Scrolls
 d - a scroll of identify
 f - a scroll of enchant armour {unknown}
 g - a scroll of immolation {unknown}
 h - a scroll of teleportation {unknown}
 i - a scroll of amnesia
 j - a scroll of remove curse
 k - a scroll of blinking {unknown}
 n - a scroll of fog {unknown}
Potions
 e - a potion of haste {unknown}
 l - a potion of attraction {!q}
 o - a potion of flight {unknown}
 r - a potion of magic


   Skills:
 * Level 3.5 Short Blades
 - Level 2.0 Dodging
 + Level 6.7 Stealth
 * Level 1.6 Shields
 - Level 2.0 Spellcasting
 - Level 3.0 Hexes


You had 4 spell levels left.
You knew the following spells:

 Your Spells              Type           Power        Failure   Level
a - Dazzling Flash        Conj/Hex       12%          86%         3
v - Corona                Hex            12%          30%         1

Your spell library contained the following spells:

 Spells                   Type           Power        Failure   Level
 Ensorcelled Hibernation  Hex/Ice        12%          65%         2
 Confusing Touch          Hex            11%          67%         3
 Tukima's Dance           Hex            11%          67%         3


Dungeon Overview and Level Annotations

Branches:
Dungeon (4/15)
 Temple: D:4-7

Altars:
Elyvilon
Xom

Shops:
D:4 }*

Annotations:
D:4 exclusion: 2 ogres, Eustachio


Innate Abilities, Weirdness & Mutations

You cannot wear most types of armour.
You are very stealthy in the water. (Stealth+)
You are amphibious.
You can wear up to eight rings at the same time.
You can use your tentacles to constrict eight enemies at once.
Your skin changes colour to match your surroundings (Stealth+).
Your rubbery body absorbs attacks. (AC +1, EV +1)


Message History

The floor.
An iguana comes into view.
The iguana hisses angrily.
Aim: an iguana (chance to affect: 55%)
The iguana is outlined in light.
You now have 7/8 mp.
You hit the iguana. Your grab misses the iguana. The iguana closely misses you.
You hit the iguana but do no damage. Your grab misses the iguana.
You squeeze the iguana! The iguana completely misses you.
You hit the iguana but do no damage. You grab the iguana.
You squeeze the iguana.
You constrict the iguana, but do no damage.
The iguana completely misses you.
You hit the iguana but do no damage. You squeeze the iguana.
You kill the iguana!
No target in view!
There is an entrance to Kiovva's Gadget Shop here.
You see here an iguana corpse.
MP restored: 8
q - a potion of curing
Okay, then.
You now have 120 gold pieces (gained 8).
You now have 126 gold pieces (gained 6).
You open the door. 3 orcs and an orc wizard come into view.
The orc shouts! x2
The orc wizard moves out of view.
You hear a shout!
Found a stone staircase leading up.
An orc comes into view. It is wielding a +0 mace.
The orc moves out of view.
A leopard gecko comes into view.
A shadow imp comes into view.
The leopard gecko hisses angrily.
The shadow imp shouts!
You hit the orc. You grab the orc. You squeeze the orc.
You kill the orc!
You hear a shout!
An orc priest comes into view. It is wielding a +0 war axe.
The orc closely misses you.
You see here a cursed +0 hand axe.
You barely miss the orc. Your grab misses the orc.
The shadow imp shouts, "Despair, thou paunchy milk-livered tiddler!"
The orc hits you but does no damage.
The orc priest looks satisfied for a moment.
You hit the orc but do no damage. You grab the orc. You squeeze the orc!
You kill the orc!
You hit the orc but do no damage. Your grab misses the orc. The orc hits you.
The shadow imp shouts, "Escape, thou dankish dread-bolted swadder!"
Eustachio the Magnificent comes into view.
He is wielding a -3 falchion.
The orc wizard gestures at itself while chanting.
The orc wizard flickers and vanishes!
Deactivating autopickup; reactivate with Ctrl-A.
You take 4 damage, and have 27/31 hp.
The orc drinks a potion.
The orc flickers and vanishes!
The leopard gecko hisses menacingly.
You block something's attack.
You hit something but do no damage. Something hits you.
You take 4 damage, and have 24/31 hp.
You miss something. Something hits you but does no damage.
You hit something. Something hits you.
You take 1 damage, and have 23/31 hp.
You hit something but do no damage. Something hits you.
You take 1 damage, and have 22/31 hp.
You hit something. You squeeze something. Something hits you.
You take 3 damage, and have 19/31 hp.
You hit something but do no damage. Something hits you.
You take 5 damage, and have 14/31 hp.
You hit something.
Reactivating autopickup.
You feel a bit more experienced.
You hit the shadow imp but do no damage.
Your grab misses the shadow imp. You squeeze the shadow imp.
The shadow imp hits you.
You take 2 damage, and have 12/31 hp.
You hit the shadow imp but do no damage.
Your grab misses the shadow imp. You squeeze the shadow imp.
The shadow imp gestures at you.
You barely resist. You hit the shadow imp.
You kill the shadow imp!
You hit the leopard gecko. Your grab misses the leopard gecko.
You block the leopard gecko's attack.
You closely miss the leopard gecko. Your grab misses the leopard gecko.
The leopard gecko bites you.
* * * LOW HITPOINT WARNING * * *
You take 4 damage, and have 8/31 hp.
You hit the leopard gecko but do no damage.
You grab the leopard gecko. You constrict the leopard gecko.
You block the leopard gecko's attack. The leopard gecko closely misses you.
You hit the leopard gecko. You constrict the leopard gecko.
You kill the leopard gecko!
You feel better. You block the orc's attack.
You regained 7 hp, and now have 15/31 hp.
You closely miss the orc. You grab the orc.
You constrict the orc, but do no damage.
The orc closely misses you.
The orc priest mumbles some strange prayers to Beogh against you.
Beogh smites you!
You die...

#.....@.
#...... #.....#
..oo. .l. #5#
#)# #########.#
#...@oo...#
#.######### #.#
##.#### #.....#
##.....###.
#......'...
#####......####
#..........'...


You could see an orc priest and an orc.

Vanquished Creatures
  A hound (D:4)
  An iguana (D:4)
  A worker ant (D:4)
  3 adders
  A shadow imp (D:4)
  An ooze (D:2)
  5 worms (D:2)
  3 dart slugs
  3 leopard geckos
  9 orcs
  2 bats
  4 giant cockroaches
  4 hobgoblins
  7 kobolds
  4 quokkas
  5 frilled lizards
  4 goblins
  8 rats
66 creatures vanquished.

Notes
Turn   | Place    | Note
-------+----------+-------------------------------------------
     0 | D:1      | sokol815 the Octopode Enchanter began the quest for the
                  | Orb.
     0 | D:1      | Reached XP level 1. HP: 11/11 MP: 3/3
     1 | D:1      | Noticed an electric eel
    16 | D:1      | HP: 2/11 [kobold/stone (4)]
   473 | D:1      | Reached XP level 2. HP: 17/17 MP: 5/5
   588 | D:1      | Reached skill level 5 in Stealth
   592 | D:1      | HP: 4/17 [gnoll/+0 flail (13)]
   606 | D:1      | HP: 2/17 [gnoll/+0 flail (2)]
   863 | D:2      | Reached XP level 3. HP: 11/21 MP: 6/6
  1314 | D:2      | Reached skill level 2 in Short Blades
  1717 | D:2      | HP: 4/21 [worm (10)]
  2165 | D:2      | Reached skill level 6 in Stealth
  2165 | D:2      | Reached XP level 4. HP: 27/27 MP: 7/7
  2499 | D:2      | HP: 4/27 [worm (10)]
  3085 | D:3      | Found a white marble altar of Elyvilon.
  3408 | D:3      | Found a shimmering altar of Xom.
  4269 | D:3      | HP: 6/27 [orc/+0 halberd (11)]
  4515 | D:3      | Learned a level 3 spell: Dazzling Flash
  4836 | D:4      | Noticed an ogre
  4920 | D:4      | Found Arihoud's Assorted Antiques.
  4925 | D:4      | Reached skill level 3 in Short Blades
  4925 | D:4      | Reached XP level 5. HP: 31/31 MP: 8/8
  4927 | D:4      | Found Kiovva's Gadget Shop.
  4941 | D:4      | Reached skill level 1 in Shields
  5180 | D:4      | Noticed an ogre
  5272 | D:4      | Noticed Eustachio
  5296 | D:4      | Killed from afar by an orc priest

Illustrated notes

Levels and vault maps discovered:
D:1:      arrival_aquarium_a, layout_loops_cross
D:2:      layout_basic, interstate_on_off, kennysheep_generic_room_3
D:3:      layout_basic, tgw_xom, st_stairs_8, elyvilon_altar_1
D:4:      layout_basic, marbit_many_paths, serial_shops, shop,
          nicolae_shop_crystal, nicolae_shop_crystal, grunt_decor_clamped,
          uniq_eustachio

Skill      XL: |  1  2  3  4  5 |
---------------+----------------+-----
Stealth        | 5 6 |  6.7
Short Blades   | 2 3 |  3.5
Shields        | 1 |  1.6
Dodging        | |  2.0
Spellcasting   | |  2.0
Hexes          | |  3.0

Action                   |  1- 3 |  4- 6 || total
-------------------------+-------+-------++-------
Melee: Dagger            |    72 |   110 ||   182
       Constrict         |    16 |    24 ||    40
       Tentacles         |    10 |    23 ||    33
Throw: Stone             |     3 |    16 ||    19
 Cast: Corona            |     9 |     6 ||    15
  Use: Scroll            |       |     7 ||     7
       Potion            |       |     2 ||     2
 Stab: Sleeping          |     7 |    12 ||    19
Armor: Skin              |     4 |     4 ||     8
Dodge: Dodged            |    40 |    40 ||    80
Block: Kite shield       |       |    21 ||    21

Table legend: (Time is in decaauts)
 A = Elapsed time spent in this place.
 B = Non-inter-level travel time spent in this place.
 C = Inter-level travel time spent in this place.
 D = Time resting spent in this place.
 E = Time spent auto-exploring this place.
 F = Levels seen in this place.
 G = Mean time per level.
                   A        B        C        D        E       F      G
               +--------+--------+--------+--------+--------+-----+--------+
         Total |   5290 |   5170 |    120 |   2438 |   1974 |   4 | 1322.5 |
       Dungeon |   5290 |   5170 |    120 |   2438 |   1974 |   4 | 1322.5 |
               +--------+--------+--------+--------+--------+-----+--------+

Top non-repeatable levels by time:
     D:2: 2675 daAuts
     D:3: 1162 daAuts
     D:1: 814 daAuts
     D:4: 638 daAuts

Table legend:
 A = Kills in this place as a percentage of kills in entire the game.
 B = Kills by you in this place as a percentage of kills by you in the entire game.
 C = Kills by friends in this place as a percentage of kills by friends in the entire game.
 D = Other kills in this place as a percentage of other kills in the entire game.
 E = Experience gained in this place as a percentage of experience gained in the entire game.
 F = Experience gained in this place divided by the number of levels of this place that you have seen.
                   A       B       C       D       E      F
               +-------+-------+-------+-------+-------+----------------------
         Total | 100.0 | 100.0 |   N/A |   N/A | 100.0 |  74.2
       Dungeon | 100.0 | 100.0 |   N/A |   N/A | 100.0 |  74.2
               +-------+-------+-------+-------+-------+----------------------
